 Dungeon Crawl Stone Soup version 0.25-a0-190-g27fffb8c76 (console) character file.

Game seed: 8928521845928569099, levelgen mode: deterministic

1396 Kagalorn the Frost Mage (level 8, -4/66 HPs)
             Began as a Pale Draconian Ice Elementalist on Nov 30, 2019.
             Slain by an orc warrior
             ... wielding a +0 dire flail
              (17 damage)
             ... on level 6 of the Dungeon.
             The game lasted 00:17:22 (4525 turns).

Kagalorn the Frost Mage (DrIE)                      Turns: 4525, Time: 00:17:22

Health: -4/66      AC: 10    Str: 11    XL:     8   Next: 41%
Magic:  3/15       EV: 12    Int: 18    God:
Gold:   61         SH:  0    Dex: 11    Spells: 9/17 levels left

rFire    . . .     SeeInvis .   a - +0 falchion
rCold    . . .     Gourm    .   (no shield)
rNeg     . . .     Faith    .   (armour unavailable)
rPois    .         Spirit   .   (helmet restricted)
rElec    .         Reflect  .   G - +1 cloak
rCorr    .         Harm     .   (no gloves)
MR       .....                  A - +1 pair of boots
Stlth    ++........             (no amulet)
HPRegen  0.21/turn              (no ring)
MPRegen  0.14/turn              (no ring)

@: no status effects
A: breathe steam, unfitting armour, cold-blooded, AC +6
a: Breathe Steam


You were on level 6 of the Dungeon.
You were not hungry.

You visited 1 branch of the dungeon, and saw 6 of its levels.

You collected 175 gold pieces.
You spent 114 gold pieces at shops.

Inventory:

Hand Weapons
 a - a +0 falchion (weapon)
 b - a +0 hunting sling
 e - a +2 hand axe of venom
 w - a +1 dagger of venom
Missiles
 g - 108 stones
 k - 17 sling bullets
 l - 9 bolts
 o - 30 poisoned darts (quivered)
Armour
 j - a +0 large shield
 A - a +1 pair of boots (worn)
 G - a +1 cloak (worn)
Jewellery
 h - an uncursed ring of positive energy {unknown}
 q - an uncursed ring of fire {unknown}
Wands
 B - a wand of polymorph (8)
Scrolls
 c - 8 scrolls of identify {unknown}
 d - 2 scrolls of enchant armour {unknown}
 f - a scroll of fog {unknown}
 m - 3 scrolls of random uselessness {unknown}
 y - 2 scrolls of amnesia {unknown}
 C - 2 scrolls of enchant weapon {unknown}
 D - a scroll of remove curse
 F - a scroll of fear
 H - 3 scrolls of teleportation {unknown}
Potions
 i - a potion of haste
 n - 2 potions of might {unknown}
 r - a potion of magic {unknown}
 s - 2 potions of flight {unknown}
 t - a potion of lignification {unknown}
 u - a potion of cancellation {unknown}
 v - a potion of brilliance {unknown}
 x - 2 potions of ambrosia {unknown}
 z - 3 potions of degeneration {unknown}
 E - 2 potions of curing
 J - a potion of invisibility {unknown}
Comestibles
 p - 12 rations


   Skills:
 * Level 3.7 Fighting
 - Level 1.7 Dodging
 - Level 1.7 Stealth
 * Level 5.0 Spellcasting
   Level 1.0 Conjurations
 - Level 2.0 Charms
 * Level 1.9 Summonings
 + Level 8.1 Ice Magic


You had 9 spell levels left.
You knew the following spells:

 Your Spells              Type           Power        Failure   Level  Hunger
a - Freeze                Ice            ####         1%          1    None
b - Ozocubu's Armour      Chrm/Ice       ###.....     4%          3    ##.....
c - Summon Ice Beast      Ice/Summ       ###.....     17%         4    ####...

Your spell library contained the following spells:

 Spells                   Type           Power        Failure   Level  Hunger
 Throw Frost              Conj/Ice       ###...       3%          2    #......
 Summon Small Mammal      Summ           ##..         6%          1    None
 Call Imp                 Summ           ##......     9%          2    #......
 Call Canine Familiar     Summ           ##......     19%         3    ##.....
 Throw Icicle             Conj/Ice       ###.....     21%         4    ####...
 Summon Guardian Golem    Hex/Summ       #.......     26%         3    ##.....
 Summon Lightning Spire   Summ/Air       #.......     65%         4    ####...


Dungeon Overview and Level Annotations

Branches:
Dungeon (6/15)
 Temple: D:4-7

Altars:
Dithmenos
Sif Muna
Yredelemnul

Shops:
D:4 *


Innate Abilities, Weirdness & Mutations

You can breathe blasts of scalding, opaque steam.
Your pale cyan-grey scales are hard. (AC +6)
You cannot fit into any form of body armour.
You are cold-blooded and may be slowed by cold attacks.


Message History

The orc priest mumbles some strange prayers to Beogh against you.
Beogh smites you!
* * * LOW HITPOINT WARNING * * *
An orc comes into view. It is wielding a +0 trident.
An orc priest comes into view. It is wielding a +0 short sword.
The orc priest shouts!
An orc comes into view. It is wielding a +0 mace.
An orc wizard comes into view. It is wielding a +0 dagger.
Items here: )) [ †† a +0 dagger; a +0 leather armour; a +0 dagger; an orc corpse x2
There is a stone staircase leading up here.
Items here: )) [[ a +0 war axe of chopping; a +0 chain mail; a +0 morningstar a +0 leather armour The orc wizard casts a spell.
The orc wizard blinks!
The orc priest calls upon Beogh to heal the orc warrior.
The orc warrior is healed somewhat.
The orc warrior hits you with a +0 dire flail!
You die...

#.....# .....##
#....=# #...?.#
#.....##
##......#
#.......##
##........###.
##@.###.......#
##)o###.......##
#.............#
#....[.§......#.#
#........o..>..#
.#
.....$..........#
#
..............o.#
.##.............#
###.............


You could see an orc warrior and an orc priest.

Vanquished Creatures
  Pikel (D:5)
  An ogre (D:5)
  A phantom (D:5)
  A crimson imp (D:5)
  3 hounds
  A bullfrog zombie (D:5)
  A jelly (D:2)
  4 orc priests
  3 orc wizards
  A centaur skeleton (D:5)
  A bullfrog skeleton (D:5)
  6 worker ants
  A gnoll (D:1)
  5 adders
  An ooze (D:2)
  2 worms
  4 dart slugs
  24 orcs
  3 ball pythons
  6 giant cockroaches
  8 goblins
  9 hobgoblins
  5 jackals (D:4)
  7 kobolds
  3 quokkas
  9 bats
  5 frilled lizards
  A leopard gecko zombie (D:5)
  4 rats
121 creatures vanquished.

Vanquished Creatures (collateral kills)
  3 orcs (D:6)
3 creatures vanquished.

Vanquished Creatures (others)
  A slave (D:5)
  A hound (D:5)
2 creatures vanquished.

Grand Total: 126 creatures vanquished

Notes
Turn   | Place    | Note
-------+----------+-------------------------------------------
     0 | D:1      | Kagalorn the Draconian Ice Elementalist began the quest for
                  | the Orb.
     0 | D:1      | Reached XP level 1. HP: 14/14 MP: 3/3
   154 | D:1      | Reached XP level 2. HP: 17/20 MP: 3/5
   415 | D:1      | Reached XP level 3. HP: 27/27 MP: 1/6
  1253 | D:2      | Reached skill level 4 in Ice Magic
  1354 | D:2      | Reached skill level 1 in Fighting
  1354 | D:2      | Reached XP level 4. HP: 11/35 MP: 1/8
  1607 | D:2      | Learned a level 3 spell: Ozocubu's Armour
  2042 | D:3      | Reached XP level 5. HP: 29/40 MP: 6/10
  2572 | D:4      | Reached skill level 5 in Ice Magic
  2574 | D:4      | Reached XP level 6. HP: 48/48 MP: 5/11
  2621 | D:4      | Reached skill level 1 in Charms
  2842 | D:4      | Found Jiemunya's General Store.
  2951 | D:4      | Bought a scroll of remove curse for 36 gold pieces
  2951 | D:4      | Bought a potion of curing for 36 gold pieces
  2951 | D:4      | Bought a scroll of fear for 42 gold pieces
  3219 | D:4      | Your scales start taking on a pale cyan-grey colour.
  3219 | D:4      | Reached XP level 7. HP: 56/56 MP: 11/14
  3386 | D:5      | Entered Level 5 of the Dungeon
  3830 | D:5      | Reached skill level 5 in Spellcasting
  3830 | D:5      | Reached skill level 6 in Ice Magic
  4069 | D:4      | Learned a level 4 spell: Summon Ice Beast
  4145 | D:5      | Found a basalt altar of Yredelemnul.
  4155 | D:5      | Found a shimmering blue altar of Sif Muna.
  4161 | D:5      | Noticed Pikel
  4178 | D:5      | Killed Pikel
  4178 | D:5      | Reached skill level 1 in Summonings
  4178 | D:5      | Reached skill level 7 in Ice Magic
  4178 | D:5      | Reached XP level 8. HP: 49/63 MP: 7/15
  4353 | D:5      | Found a shadowy altar of Dithmenos.
  4397 | D:5      | Reached skill level 8 in Ice Magic
  4525 | D:6      | Slain by an orc warrior

Levels and vault maps discovered:
D:1:      roderic_crop_circles_arrival_small, layout_basic, minmay_domino_4
D:2:      layout_basic
D:3:      layout_loops_ring, first_ration, minmay_misc_feat_five
D:4:      layout_loops_ring, serial_shops,
          nicolae_shop_temple_entry_statues_fountains
D:5:      layout_loops_corners, grunt_temple_overflow_open,
          grunt_dithmenos_shadows, uniq_pikel
D:6:      kennysheep_orc_sif_temple, layout_layer_cave, portal_sewer_entry_f

Skill      XL: |  1  2  3  4  5  6  7  8 |
---------------+-------------------------+-----
Ice Magic      | 4 5 7 8 |  8.1
Fighting       | 1 2 3 |  3.7
Spellcasting   | 3 4 5 |  5.0
Charms         | 1 2 |  2.0
Summonings     | 1 |  1.9
Dodging        | |  1.7
Stealth        | |  1.7
Conjurations   | |  1.0

Action                   |  1- 3 |  4- 6 |  7- 9 || total
-------------------------+-------+-------+-------++-------
Melee: Unarmed           |    85 |     9 |       ||    94
       Tailslap          |     6 |     4 |    11 ||    21
       Falchion          |       |    37 |    73 ||   110
Throw: Dart              |       |    16 |     2 ||    18
 Cast: Freeze            |    45 |    84 |    44 ||   173
       Ozocubu's Armour  |       |       |     4 ||     4
       Summon Ice Beast  |       |       |     1 ||     1
 Stab: Sleeping          |     4 |     2 |     2 ||     8
  Eat: Chunk             |     2 |     6 |     4 ||    12
Armor: Skin              |    36 |    31 |    32 ||    99
Dodge: Dodged            |    72 |    61 |    67 ||   200
       Rpst.: Falchion   |       |    14 |    17 ||    31

Table legend:
 A = Non-vault XP
 B = Vault XP
 C = Vault XP percentage of total XP
 D = Non-vault monster count
 E = Vault monster count
 F = Vault count percentage of total count
                 A         B        C        D         E       F
            +---------+---------+-------+---------+---------+-------
      Total |    1236 |     759 |  38.0 |     119 |       5 |   4.0
            +---------+---------+-------+---------+---------+-------
        D:1 |      57 |       5 |   8.1 |      25 |       3 |  10.7
        D:2 |      91 |       0 |   0.0 |      17 |       0 |   0.0
        D:3 |     183 |       0 |   0.0 |      23 |       0 |   0.0
        D:4 |     430 |       0 |   0.0 |      25 |       0 |   0.0
        D:5 |     456 |     754 |  62.3 |      22 |       2 |   8.3
        D:6 |      19 |       0 |   0.0 |       7 |       0 |   0.0
            +---------+---------+-------+---------+---------+-------
